 Dungeon Crawl Stone Soup version 0.12.2-18-gb8c16a5 (webtiles) character file.

251 Gabry the Shield-Bearer (level 4, -2/39 HPs)
             Began as a Minotaur Fighter on Aug 22, 2013.
             Was an Initiate of the Shining One.
             Slain by Grinder (4 damage)
             ... on Level 3 of the Dungeon.
             The game lasted 00:09:16 (1889 turns).

Gabry the Shield-Bearer (Minotaur Fighter)          Turns: 1889, Time: 00:09:16

HP  -2/39        AC  8     Str 20      XL: 4   Next: 19%
MP   1/1         EV  6     Int  5      God: the Shining One [......]
Gold 170         SH 19     Dex 11      Spells:  0 memorised,  3 levels left

Res.Fire  : . . .   See Invis. : .   a - +0 mace
Res.Cold  : . . .   Warding    : .   b - +0 scale mail
Life Prot.: . . .   Conserve   : .   c - +0 shield
Res.Poison: .       Res.Corr.  : .   (helmet restricted)
Res.Elec. : .       Clarity    : .   (no cloak)
Sust.Abil.: . .     Spirit.Shd : .   (no gloves)
Res.Mut.  : .       Stasis     : .   u - +0 pair of boots
Res.Rott. : .       Ctrl.Telep.: .   (no amulet)
Saprovore : . . .   Flight     : .   (no ring)
                                     (no ring)

@: slightly resistant to hostile enchantments, extremely unstealthy
A: retaliatory headbutt, horns 2
a: Renounce Religion


You were on level 3 of the Dungeon.
You worshipped the Shining One. the Shining One was pleased with you.
You were not hungry.

You visited 1 branch of the dungeon, and saw 3 of its levels.

You collected 150 gold pieces.

Inventory:

Hand weapons
 a - a +0,+0 mace (weapon)
 h - a +0,+0 dagger (quivered)
Armour
 b - a +0 scale mail (worn)
 c - a +0 shield (worn)
 q - a +1 dwarven large shield
 u - a +0 pair of boots (worn)
Comestibles
 d - 2 bread rations
 v - 2 meat rations
Scrolls
 g - 2 scrolls of blinking {unknown}
 i - a scroll of curse armour {unknown}
 j - 4 scrolls of remove curse {unknown}
 k - a scroll of fear {unknown}
 l - 6 scrolls of identify {unknown}
 m - a scroll of curse jewellery {unknown}
 n - a scroll of amnesia {unknown}
 o - a scroll of random uselessness {unknown}
 p - a scroll of enchant weapon I {unknown}
 r - 2 scrolls of magic mapping {unknown}
Potions
 e - 3 potions of curing
 f - a potion of restore abilities {unknown}
 s - a potion of flight {unknown}
 t - a potion of might {unknown}


   Skills:
 + Level 3.9 Fighting
 + Level 3.4 Maces & Flails
 + Level 4.1 Armour
 + Level 1.8 Dodging
 + Level 0.1 Stealth
 + Level 4.3 Shields


You had 3 spell levels left.
You didn't know any spells.

Dungeon Overview and Level Annotations

Branches:
Dungeon (3/27)

Altars:
the Shining One

Annotations
D:3 Grinder


Innate Abilities, Weirdness & Mutations

You reflexively headbutt those who attack you in melee.
You have a pair of horns on your head.


Message History

Grinder hits you but does no damage.
Grinder gestures.
Grinder blinks!
You can move again.
Grinder gestures at you. You resist. Grinder hits you.
* * * LOW HITPOINT WARNING * * *
You writhe in agony.
* * * LOW HITPOINT WARNING * * *
You closely miss Grinder.
Grinder is almost dead.
Grinder gestures.
Grinder blinks!
You hit Grinder but do no damage.
Grinder is almost dead.
Grinder hits you.
* * * LOW HITPOINT WARNING * * *
You writhe in agony.
You die...

#######
###......
#.....#
#.....#####
##@.........
##.5.....###
#.........#
#..#.#...#.#
#.#.#....## #
#.##.#...### #
..# # #
#...).#.##..#
#.###.#......#
#.# #.........


You could see Grinder.

Vanquished Creatures
  2 adders
  A giant mite (D:1)
  A worm (D:2)
  A giant gecko (D:3)
  An ooze (D:2)
  11 bats
  5 hobgoblins (D:1)
  4 jackals (D:2)
  A ball python (D:1)
  4 giant newts
  6 goblins
  10 kobolds
  5 rats
52 creatures vanquished.

Notes
Turn   | Place    | Note
--------------------------------------------------------------
     0 | D:1      | Gabry, the Minotaur Fighter, began the quest for the Orb.
     0 | D:1      | Reached XP level 1. HP: 19/19 MP: 0/0
   233 | D:1      | Reached XP level 2. HP: 17/26 MP: 0/0
   327 | D:1      | Reached skill level 4 in Shields
   358 | D:1      | Found a glowing golden altar of the Shining One.
   548 | D:1      | Became a worshipper of the Shining One
   593 | D:1      | Reached XP level 3. HP: 33/33 MP: 1/1
   733 | D:2      | Reached skill level 1 in Dodging
  1582 | D:3      | Reached XP level 4. HP: 39/39 MP: 1/1
  1849 | D:3      | Noticed Grinder
  1879 | D:3      | Paralysed by Grinder for 5 turns
  1889 | D:3      | Slain by Grinder

Action                   |  1- 3 |  4- 6 || total
-------------------------+-------+-------++-------
Melee: Mace              |   122 |    31 ||   153
  Use: Potion            |       |     1 ||     1
